 Dungeon Crawl Stone Soup version 0.23-a0-890-gc183402 (console) character file.

Game seed: 11438848834780025462

88 Duffy the Chopper (level 4, 31/35 HPs)
             Began as a Demonspawn Fighter on Jan 28, 2019.
             Quit the game on level 3 of the Dungeon.
             The game lasted 00:02:29 (2344 turns).

Duffy the Chopper (Demonspawn Fighter)              Turns: 2344, Time: 00:02:29

Health: 31/35      AC:  8    Str: 17    XL:     4   Next: 29%
Magic:  4/4        EV:  6    Int: 10    God:
Gold:   120        SH:  8    Dex: 12    Spells: 3/3 levels left

rFire    . . .     SeeInvis .   a - +0 war axe
rCold    . . .     Gourm    .   c - +0 shield
rNeg     . . .     Faith    .   b - +0 scale mail
rPois    .         Spirit   .   l - +0 helmet
rElec    .         Reflect  .   (no cloak)
rCorr    .         Harm     .   (no gloves)
MR       .....                  h - +0 pair of boots
Stlth    +.........             (no amulet)
HPRegen  0.11/turn              e - ring of flight
MPRegen  0.09/turn              (no ring)

@: no status effects
A: nightstalker 1, rot immunity
a: Evoke Flight


You were on level 3 of the Dungeon.
You were near starving.

You visited 1 branch of the dungeon, and saw 3 of its levels.

You collected 120 gold pieces.

Inventory:

Hand Weapons
 a - a +0 war axe (weapon)
Armour
 b - a +0 scale mail (worn)
 c - a +0 shield (worn)
 h - a +0 pair of boots (worn)
 l - a +0 helmet (worn)
Jewellery
 e - a ring of flight (left hand)
Wands
 m - a wand of disintegration (12)
Scrolls
 g - 2 scrolls of teleportation {unknown}
 j - a scroll of fear {unknown}
 n - a scroll of random uselessness {unknown}
 q - a scroll of noise {unknown}
Potions
 d - a potion of might
 i - 3 potions of curing
 k - a potion of haste
 o - a potion of invisibility
 p - a potion of heal wounds
Comestibles
 f - 5 rations


   Skills:
 - Level 3.0 Fighting
 + Level 4.0 Axes
 - Level 2.6 Armour
 - Level 2.6 Shields
 + Level 0.9 Evocations


You had 3 spell levels left.
You didn't know any spells.
Your spell library was empty.

Dungeon Overview and Level Annotations

Branches:
Dungeon (3/15)

Altars:


Innate Abilities, Weirdness & Mutations

You are slightly more attuned to the shadows.
You are immune to rotting.


Message History

You slash the rat!
You kill the rat!
The orc wizard looks encouraged for a moment.
You barely miss the orc. The orc hits you.
You slash the orc!
You kill the orc!
The orc wizard hits you with a +0 dagger.
Evoke which item? (* to show all) (? for menu, Esc to quit)
That's the wrong kind of item! (Use * to select it.) Evoke which item? (* to show all) (? for menu, Esc to quit)
Aiming: Disintegrate
Press: ? - help, Shift-Dir - straight line, f - orc wizard
Aim: an orc wizard, wielding a +0 dagger and wearing a +0 robe (chance to defeat MR: 65%)
The orc wizard is blasted!!
You blow up the orc wizard!
Your Axes skill increases to level 4!
You have reached level 4!
You feel stronger.
Your demonic ancestry asserts itself...
You feel immune to rotting.
Are you sure you want to abandon this character and quit the game? (Confirm with "yes".)

#.>.# ##### ####### ......########
#
#####........################.#...
########.....@)o.....!........
#################..#... ..# .%#
..# o.. .o.o


You could see an orc wizard.

Vanquished Creatures
  An orc wizard (D:3)
  An adder (D:3)
  A shadow imp (D:3)
  2 worms (D:2)
  A dart slug (D:1)
  2 leopard geckos
  An orc (D:3)
  2 giant cockroaches
  4 hobgoblins
  2 jackals (D:1)
  A quokka (D:2)
  A ball python (D:2)
  3 bats (D:1)
  A frilled lizard (D:2)
  7 goblins
  2 kobolds (D:2)
  5 rats
37 creatures vanquished.

Notes
Turn   | Place    | Note
-------+----------+-------------------------------------------
     0 | D:1      | Duffy the Demonspawn Fighter began the quest for the Orb.
     0 | D:1      | Reached XP level 1. HP: 18/18 MP: 1/1
   110 | D:1      | Reached skill level 2 in Axes
   435 | D:1      | Gained mutation: You are slightly more attuned to the
                  | shadows. [demonic ancestry]
   435 | D:1      | Reached XP level 2. HP: 24/24 MP: 2/2
   958 | D:1      | Reached skill level 3 in Axes
  1379 | D:2      | Reached XP level 3. HP: 25/29 MP: 3/3
  1560 | D:2      | Noticed an ice beast
  2343 | D:3      | Reached skill level 4 in Axes
  2343 | D:3      | Gained mutation: You are immune to rotting. [demonic
                  | ancestry]
  2343 | D:3      | Reached XP level 4. HP: 31/35 MP: 4/4
  2344 | D:3      | Quit the game

Vault maps used:
D:1:      evilmike_arrival_hilbert_curve
D:2:      cheibrodos_helix_gallery, first_ration
D:3:      old_standard_altar, uniq_crazy_yiuf_cottage, uniq_robin

Skill      XL: |  1  2  3 |
---------------+----------+-----
Axes           | 2 3 4 |  4.0
Fighting       | |  3.0
Armour         | |  2.6
Shields        | |  2.6
Evocations     | |  0.9

Action                   |  1- 3 |  4- 6 || total
-------------------------+-------+-------++-------
Melee: War axe           |   138 |       ||   138
Evoke: Wand              |     1 |     1 ||     2
  Use: Scroll            |     4 |       ||     4
  Eat: Chunk             |     3 |       ||     3
Armor: Scale mail        |    71 |       ||    71
Dodge: Dodged            |    28 |       ||    28
Block: Shield            |    65 |       ||    65

Table legend:
 A = Non-vault XP
 B = Vault XP
 C = Vault XP percentage of total XP
 D = Non-vault monster count
 E = Vault monster count
 F = Vault count percentage of total count
                 A         B        C        D         E       F
            +---------+---------+-------+---------+---------+-------
      Total |     123 |       3 |   2.4 |      35 |       2 |   5.4
            +---------+---------+-------+---------+---------+-------
        D:1 |      31 |       0 |   0.0 |      17 |       0 |   0.0
        D:2 |      23 |       3 |  11.5 |      10 |       2 |  16.7
        D:3 |      69 |       0 |   0.0 |       8 |       0 |   0.0
            +---------+---------+-------+---------+---------+-------
